 Dungeon Crawl Stone Soup version 0.22-a0-782-g038298e (webtiles) character file.

8738 Jatast the Geomancer (level 11, -17/66 HPs)
             Began as a Gargoyle Earth Elementalist on July 19, 2018.
             Was a Believer of Sif Muna.
             Demolished by an ice beast (18 damage)
             ... summoned by Fannar
             ... on level 1 of the Lair of Beasts.
             The game lasted 00:34:28 (13419 turns).

Jatast the Geomancer (Gargoyle Earth Elementalist) Turns: 13419, Time: 00:34:29

Health: -17/66     AC: 22    Str: 13    XL:     11   Next: 35%
Magic:  0/21       EV: 11    Int: 18    God:    Sif Muna [**....]
Gold:   459        SH:  0    Dex: 14    Spells: 13/24 levels left

rFire    + . .     SeeInvis .   H - +3 flail of Kugg {holy, rPois MR+ Dex+4}
rCold    x . .     Gourm    .   (no shield)
rNeg     + . .     Faith    .   w - +0 ring mail
rPois    ∞         Spirit   .   e - +1 helmet
rElec    +         Reflect  .   (no cloak)
rCorr    .         Harm     .   (no gloves)
MR       +....                  y - +2 pair of boots
Stlth    +.........             (no amulet)
HPRegen  0.21/turn              i - +2 ring of protection
MPRegen  0.17/turn              m - ring of fire

@: no casting
A: negative energy resistance 1, electricity resistance, unbreathing,
petrification resistance, rot immunity, AC +8
a: Stop Divine Energy, Renounce Religion


You were on level 1 of the Lair of Beasts.
You worshipped Sif Muna.
Sif Muna was pleased with you.
You were very hungry.

You visited 3 branches of the dungeon, and saw 13 of its levels.
You also visited: Sewer.

You collected 459 gold pieces.

Inventory:

Hand Weapons
 t - a +1 morningstar
 E - a +2 dire flail of crushing
 H - the +3 flail of Kugg (weapon) {holy, rPois MR+ Dex+4}
   (You found it on level 10 of the Dungeon)

   It has been blessed by the Shining One to cause great damage to the undead
   and demons.
   It affects your dexterity (+4).
   It protects you from poison.
   It affects your resistance to hostile enchantments.
Missiles
 b - 259 stones (quivered)
 k - 3 poisoned javelins
Armour
 e - a +1 helmet (worn)
 w - a +0 ring mail (worn)
 y - a +2 pair of boots (worn)
Jewellery
 i - a +2 ring of protection (left hand)
 m - a ring of fire (right hand)
Wands
 a - a wand of acid (5)
 c - a wand of disintegration (17)
 v - a wand of polymorph (32)
 F - a wand of flame (22)
 I - a wand of digging (8)
Scrolls
 g - 5 scrolls of amnesia
 l - 4 scrolls of teleportation
 u - 2 scrolls of enchant weapon
 x - 8 scrolls of remove curse
 A - a scroll of identify
 C - 2 scrolls of blinking
 D - 2 scrolls of fog
Potions
 f - 12 potions of curing
 h - 3 potions of invisibility
 j - 2 potions of ambrosia
 n - 2 potions of berserk rage
 o - a potion of agility
 p - 4 potions of lignification
 q - 3 potions of brilliance
 r - a potion of flight
 s - 5 potions of heal wounds
 z - a potion of might
 B - 2 potions of cancellation {unknown}
Comestibles
 d - 19 rations
 J - 10 chunks of flesh


   Skills:
 + Level 6.5 Fighting
 + Level 8.0 Maces & Flails
 + Level 8.0 Armour
 - Level 1.6 Dodging
 - Level 2.2 Stealth
 - Level 7.0 Spellcasting
 + Level 6.1 Conjurations
 - Level 0.7 Transmutations
 - Level 10.0 Earth Magic


You had 13 spell levels left.
You knew the following spells:

 Your Spells              Type           Power        Failure   Level  Hunger
a - Sandblast             Erth           #####.       1%          1    None
b - Stone Arrow           Conj/Erth      #####.       2%          3    ##.....
c - Passwall              Tmut/Erth      ####....     3%          2    None
d - Lee's Rapid Deconstr  Erth           #####.....   10%         5    #####..

Your spell library contained the following spells:

 Spells                   Type           Power        Failure   Level  Hunger
 Fireball                 Conj/Fire      ####......   86%         5    #####..
 Bolt of Fire             Conj/Fire      ####......   100%        6    #######
 Ring of Flames           Chrm/Fire      #.........   100%        7    #######
 Ignite Poison            Fire/Tmut/Pois ##......     50%         3    ##.....
 Petrify                  Tmut/Erth      ####....     22%         4    ####...
 Ignition                 Fire           #.........   100%        8    #######


Dungeon Overview and Level Annotations

Branches:
Dungeon (11/15)            Temple (1/1) D:7            Lair (1/6) D:10
    Orc: D:9-12

Altars:
Ashenzari
Cheibriados
Dithmenos
Elyvilon
Fedhas
Gozag
Hepliaklqana
Kikubaaqudgha
Makhleb
Nemelex Xobeh
Qazlal
Ru
Sif Muna
Trog
Uskayaw
Vehumet
Wu Jian
Xom
Yredelemnul
Zin

Annotations:
D:10 exclusion: 2 oklob plants
Lair:1 Fannar


Innate Abilities, Weirdness & Mutations

You are resistant to torment.
Your stone body is resilient. (AC +8)
You are immune to poison.
You resist negative energy. (rN+)
You are resistant to electric shocks. (rElec)
You can survive without breathing.
You are immune to petrification.
You are immune to rotting.


Message History

Aim: Fannar, wielding a quarterstaff of freezing, wearing a robe of cold resistance and wearing a ring of ice (severely wounded, covered in an icy film)
The bolt of acid hits Fannar.
Fannar is splashed with acid.
The acid corrodes Fannar!
Fannar is almost dead.
Fannar hits you but does no damage. The ice beast hits you.
The ice beast freezes you!
You feel a terrible chill!
* * * LOW HITPOINT WARNING * * *
The ice beast hits you.
* * * LOW HITPOINT WARNING * * *
The ice beast freezes you!
You feel a terrible chill!
* * * LOW HITPOINT WARNING * * *
Evoke which item? (* to show all) (? for menu, Esc to quit)
Aiming: Corrosive Bolt
Press: ? - help, Shift-Dir - straight line, f/p - Fannar
Aim: Fannar, wielding a quarterstaff of freezing, wearing a robe of cold resistance and wearing a ring of ice (almost dead, covered in an icy film, covered in acid)
The bolt of acid misses Fannar.
The ice beast closely misses you. Fannar hits you but does no damage.
The ice beast hits you.
* * * LOW HITPOINT WARNING * * *
The ice beast freezes you!!
You feel a terrible chill!
You die...

.. .. .# .## #.. ##..# P.
######..#### # ##.
#..........# #. ..##
###...Y......#
##.####.###.)..Y@e........
.........#....).Y......##(
...........##..........#
.........##.#..........P#
.........# ##..........##
######.## ...........#
#.######..######## ###
##...# ...# #.###.##+## .


You could see Fannar and 3 ice beasts.

Vanquished Creatures
  Erolcha (D:9)
  Sonja (D:10)
  An unseen horror (D:8)
  A spiny frog (Lair:1)
  A troll (D:9)
  3 blink frogs (Lair:1)
  Prince Ribbit (D:8)
  2 hippogriffs
  Sigmund (D:2)
  A water moccasin (D:6)
  A porcupine (D:10)
  2 ice beasts
  2 black bears
  5 orc warriors
  4 phantoms
  A necrophage (D:8)
  A centaur (D:10)
  3 ogres
  2 crocodiles
  5 big kobolds
  3 bullfrogs
  2 wyvern zombies (D:6)
  2 scorpions
  6 killer bees
  4 howler monkeys
  4 wights (D:5)
  4 crimson imps
  A centaur zombie (D:5)
  2 bullfrog zombies (D:10)
  A jelly (D:3)
  10 orc priests
  A gnoll shaman (D:7)
  2 bullfrog skeletons
  3 hounds
  12 orc wizards
  2 centaur skeletons
  2 iguanas
  Natasha (thrice) (D:2 D:3)
  3 worker ants
  A killer bee zombie (D:6)
  3 hound skeletons
  A worker ant zombie (D:5)
  Robin (D:2)
  4 gnolls (D:7)
  5 river rats (D:3)
  18 adders
  3 shadow imps
  3 oozes
  An adder zombie (D:6)
  2 adder skeletons
  8 worms
  3 dart slugs
  4 leopard geckos
  37 orcs
  5 ball pythons
  10 bats
  2 giant cockroaches
  9 goblins
  11 hobgoblins
  8 jackals
  25 kobolds
  2 quokkas
  3 frilled lizards
  A jackal zombie (D:6)
  12 rats
288 creatures vanquished.

Vanquished Creatures (others)
  8 fungi (D:10)
  5 plants (D:10)
13 creatures vanquished.

Grand Total: 301 creatures vanquished

Notes
Turn   | Place    | Note
-------+----------+-------------------------------------------
     0 | D:1      | Jatast the Gargoyle Earth Elementalist began the quest for the Orb.
     0 | D:1      | Reached XP level 1. HP: 10/10 MP: 3/3
   700 | D:1      | Reached skill level 4 in Earth Magic
   700 | D:1      | Reached XP level 2. HP: 15/15 MP: 3/5
   988 | D:2      | Reached XP level 3. HP: 19/19 MP: 4/6
  1154 | D:2      | Learned a level 3 spell: Stone Arrow
  1157 | D:2      | Learned a level 2 spell: Passwall
  1368 | D:2      | Noticed Sigmund
  1497 | D:2      | Noticed Robin
  1657 | D:2      | Noticed Natasha
  1666 | D:2      | Killed Natasha
  1666 | D:2      | Reached skill level 5 in Earth Magic
  1666 | D:2      | Reached XP level 4. HP: 24/24 MP: 3/8
  1862 | D:2      | Noticed Natasha
  1879 | D:2      | Killed Natasha
  1899 | D:2      | Killed Robin
  2502 | D:2      | Killed Sigmund
  2502 | D:2      | Reached skill level 6 in Earth Magic
  2502 | D:2      | Reached XP level 5. HP: 23/28 MP: 2/10
  2502 | D:2      | Reached XP level 6. HP: 26/32 MP: 2/11
  2778 | D:3      | Reached skill level 7 in Earth Magic
  2868 | D:3      | Noticed Natasha
  2882 | D:3      | Killed Natasha
  3048 | D:3      | Found a glowing drain.
  3056 | Sewer    | Entered a sewer
  3472 | Sewer    | Reached XP level 7. HP: 32/36 MP: 5/13
  3642 | Sewer    | Reached skill level 8 in Earth Magic
  4256 | D:3      | Learned a level 5 spell: Lee's Rapid Deconstruction
  5038 | D:3      | Reached skill level 1 in Maces & Flails
  5258 | D:4      | Reached skill level 9 in Earth Magic
  5541 | D:4      | Reached XP level 8. HP: 36/41 MP: 15/15
  5597 | D:4      | Found a sacrificial altar of Ru.
  5639 | D:5      | Entered Level 5 of the Dungeon
  5867 | D:5      | Reached skill level 5 in Spellcasting
  6569 | D:5      | Reached skill level 10 in Earth Magic
  6827 | D:6      | Reached skill level 1 in Armour
  7362 | D:6      | Reached XP level 9. HP: 44/45 MP: 16/16
  7686 | D:6      | Reached skill level 5 in Maces & Flails
  7899 | D:7      | Reached skill level 1 in Fighting
  8449 | D:7      | Reached skill level 5 in Armour
  8724 | D:7      | Reached skill level 1 in Conjurations
  9137 | D:7      | Found a staircase to the Ecumenical Temple.
  9146 | Temple   | Entered the Ecumenical Temple
  9378 | Temple   | Became a worshipper of Sif Muna the Loreminder
  9671 | D:8      | Noticed Prince Ribbit
  9698 | D:8      | Killed Prince Ribbit
  9958 | D:8      | Killed an unseen horror
  9958 | D:8      | Reached XP level 10. HP: 32/56 MP: 12/19
 10220 | D:8      | Found a shimmering altar of Xom.
 10245 | D:8      | Reached * piety under Sif Muna
 11119 | D:9      | Noticed Erolcha
 11130 | D:9      | Killed Erolcha
 11357 | D:9      | Found a blossoming altar of Fedhas.
 11422 | D:10     | Entered Level 10 of the Dungeon
 11439 | D:10     | Reached skill level 5 in Fighting
 11463 | D:10     | Got a faintly glowing flail
 11464 | D:10     | Identified the +3 flail of Kugg {holy, rPois MR+ Dex+4} (You found it on level 10 of the Dungeon)
 11796 | D:10     | Reached ** piety under Sif Muna
 11857 | D:9      | Reached skill level 5 in Conjurations
 12019 | D:10     | Reached XP level 11. HP: 60/64 MP: 17/21
 12243 | D:10     | Found a staircase to the Lair.
 12702 | D:10     | Found a deep blue altar of Sif Muna.
 12869 | D:10     | Found a blossoming altar of Fedhas.
 12871 | D:10     | Noticed an oklob plant
 12871 | D:10     | Noticed an oklob plant
 13074 | D:11     | Noticed Sonja
 13093 | D:10     | Killed Sonja
 13271 | Lair:1   | Entered Level 1 of the Lair of Beasts
 13403 | Lair:1   | Noticed Fannar
 13418 | Lair:1   | HP: 3/66 [ice beast[Fannar] (15)]
 13419 | Lair:1   | HP: 1/66 [ice beast[Fannar] (2)]
 13419 | Lair:1   | Demolished by an ice beast

Vault maps used:
D:1:      lemuel_arrival_room
D:2:      first_ration, uniq_robin, uniq_natasha, uniq_sigmund
D:3:      lightli_sewer_entry_pipes
D:4:      nicolae_ru_path_of_blood, kennysheep_potato
D:6:      serial_undead, serial_undead_e, serial_undead_d, serial_undead_e,
          serial_undead_a, minmay_misc_feat_four_crosses
D:7:      minmay_temple_entry_nine_rooms
D:8:      nicolae_overflow_hidden_temple, uniq_prince_ribbit1
D:9:      blue_anna_alchemist, serial_bayou_pond_e, fedhas_altar_4, uniq_erolcha
D:10:     kennysheep_orc_sif_temple, grunt_lair_entry_orc_guard_hut,
          hangedman_tree_tricks
D:11:     uniq_sonja
Temple:   eino_narrow_crystal_temple
Lair:1:   beast_lair_carwin_9, uniq_joseph, uniq_fannar
Sewer:    kennysheep_pipe_town

Skill      XL: |  1  2  3  4  5  6  7  8  9 10 11 |
---------------+----------------------------------+-----
Earth Magic    | 4 5 6 7 9 10 | 10.0
Spellcasting   | 3 4 5 6 7 |  7.0
Maces & Flails | 1 4 6 7 8 |  8.0
Armour         | 3 6 7 8 |  8.0
Fighting       | 4 5 6 |  6.5
Conjurations   | 3 5 6 |  6.1
Dodging        | |  1.6
Stealth        | |  2.2
Transmutations | |  0.7

Action                   |  1- 3 |  4- 6 |  7- 9 | 10-12 || total
-------------------------+-------+-------+-------+-------++-------
Melee: Dagger            |    58 |   170 |   143 |       ||   371
       Morningstar       |       |       |   548 |    41 ||   589
       Mace              |       |       |    21 |       ||    21
       Flail             |       |       |       |   117 ||   117
       Dire flail        |       |       |       |    41 ||    41
Throw: Javelin           |       |       |     2 |     2 ||     4
 Cast: Sandblast         |    31 |    68 |   104 |    43 ||   246
       Stone Arrow       |     1 |       |     5 |    10 ||    16
       Lee's Rapid Decon |       |       |     4 |    28 ||    32
Invok: Divine Energy     |       |       |       |     1 ||     1
Evoke: Wand              |       |       |       |     2 ||     2
  Use: Scroll            |     3 |     2 |    10 |     8 ||    23
 Stab: Sleeping          |     2 |     1 |       |     1 ||     4
       Distracted        |       |       |     1 |       ||     1
  Eat: Chunk             |     2 |     7 |    20 |    13 ||    42
       Ration            |       |       |     1 |     2 ||     3
Armor: Robe              |    43 |    69 |    92 |       ||   204
       Ring mail         |       |       |   457 |   186 ||   643
Dodge: Dodged            |    72 |   131 |   548 |   165 ||   916

Table legend:
 A = Spawn XP
 B = Non-spawn XP
 C = Spawn XP percentage of total XP
 D = Spawn monster count
 E = Non-spawn monster count
 F = Spawn count percentage of total count
 G = Total turns spent on level
                    A         B        C        D         E        F      G
               +---------+---------+-------+---------+---------+-------+---------
         Total |       0 |   12483 |   0.0 |       0 |     288 |   0.0 | 13419
               +---------+---------+-------+---------+---------+-------+---------
           D:1 |       0 |      13 |   0.0 |       0 |       7 |   0.0 |  1098
           D:2 |       0 |     376 |   0.0 |       0 |      28 |   0.0 |  1621
           D:3 |       0 |     336 |   0.0 |       0 |      42 |   0.0 |  1482
           D:4 |       0 |     298 |   0.0 |       0 |      18 |   0.0 |  1038
           D:5 |       0 |     469 |   0.0 |       0 |      19 |   0.0 |   806
           D:6 |       0 |    1000 |   0.0 |       0 |      32 |   0.0 |  1152
           D:7 |       0 |     970 |   0.0 |       0 |      24 |   0.0 |  1344
           D:8 |       0 |    1644 |   0.0 |       0 |      22 |   0.0 |   885
           D:9 |       0 |    2402 |   0.0 |       0 |      26 |   0.0 |  1216
          D:10 |       0 |    3209 |   0.0 |       0 |      40 |   0.0 |  1694
        Lair:1 |       0 |    1529 |   0.0 |       0 |       6 |   0.0 |   148
         Sewer |       0 |     237 |   0.0 |       0 |      24 |   0.0 |   685
               +---------+---------+-------+---------+---------+-------+---------
